 Dungeon Crawl Stone Soup version 0.29.0-4-gdea44cf6ec (webtiles) character file.

Game seed: 8553457705668546140

23 qw the Chopper (level 3, -1/21 HPs)
             Began as a Tengu Warper on Aug 28, 2022.
             Slain by a worm (2 damage)
             ... on level 2 of the Dungeon.
             The game lasted 00:00:04 (1106 turns).

qw the Chopper (Tengu Warper)                       Turns: 1106, Time: 00:00:05

Health: -1/21      AC:  3    Str: 13    XL:     3   Next: 0%
Magic:  7/7        EV: 12    Int: 13    God:
Gold:   56         SH:  0    Dex: 13    Spells: 6/6 levels left

rFire   . . .      SeeInvis .   Y - +1 hand axe
rCold   . . .      Faith    .   (no shield)
rNeg    . . .      Spirit   .   b - +0 leather armour
rPois   .          Reflect  .   (helmet restricted)
rElec   .          Harm     .   d - scarf {repulsion}
rCorr   .          Rampage  .   (no gloves)
Will    .....                   (boots unavailable)
Stlth   +.........              (no amulet)
HPRegen 0.07/turn               (no ring)
MPRegen 0.10/turn               (no ring)

@: repel missiles
A: beak, talons 3
a: no special abilities


You were on level 2 of the Dungeon.
You visited 1 branch of the dungeon, and saw 2 of its levels.

You collected 56 gold pieces.


Innate Abilities, Weirdness & Mutations

You have a beak for a mouth.
You have claws for feet.


   Skills:
 - Level 2.0 Fighting
 + Level 3.7 Axes
 - Level 1.0 Throwing
 - Level 1.1 Armour
 - Level 2.1 Dodging
 - Level 2.0 Spellcasting
 - Level 2.4 Translocations


You had 6 spell levels left.
You didn't know any spells.
Your spell library contained the following spells:

 Spells                   Type           Power      Damage    Failure   Level
 Blink                    Tloc           14%        N/A       19%         2
 Gell's Gravitas          Tloc           7%         N/A       36%         3
 Lesser Beckoning         Tloc           7%         N/A       36%         3
 Teleport Other           Tloc           7%         N/A       36%         3
 Manifold Assault         Tloc           7%         N/A       98%         5

Inventory:

Hand Weapons
 f - a +0 whip
 Y - a +1 hand axe (weapon)
Armour
 b - a +0 leather armour (worn)
 c - a +0 ring mail
 d - a scarf of repulsion (worn)
 e - a +0 buckler
Scrolls
 a - a scroll of identify
Potions
 h - a potion of lignification {unknown}
 i - a potion of heal wounds {unknown}

Dungeon Overview and Level Annotations

Branches:
Dungeon (2/15)

Altars:


Message History

984 ||| DROPPING scroll of blinking.
You drop a scroll of blinking.
Done exploring.
(D) Dungeon
Where to? (* - list waypoints, ? - help)
What level of the Dungeon? (default 1, ? - help)
You see here a +2 pair of boots.
You see here a +0 pair of boots.
There is a stone staircase leading down here.
You climb downwards.
Found 15 gold pieces and a scroll of identify.
There is a stone staircase leading up here.
Existing waypoints: (2) D:1 Assign waypoint to what number? (0-9, D - delete waypoint) Waypoint 1 assigned to D:2.
Enter note: You now have 47 gold pieces (gained 15).
a - a scroll of identify
There is a stone staircase leading up here.
Found four human skeletons.
c - a +0 ring mail
Enter note:
Found a minotaur skeleton.
Found a faded altar of an unknown god.
You now have 56 gold pieces (gained 9).
You see here a human skeleton.
You see here a human skeleton.
e - a +0 buckler A worm comes into view.
You barely miss the worm. You claw the worm, but do no damage.
Your peck misses the worm. The worm bites you!
You hit the worm. Your kick misses the worm.
The worm is lightly wounded.
You barely miss the worm. You claw the worm.
The worm is moderately wounded.
The worm bites you!
You slash the worm! You claw the worm, but do no damage.
The worm is severely wounded.
The worm bites you.
You die...

#.# #.######
#......#
..###########
####_.....%8########
# #.....%....#....#
# #%...%%.8#.#....#
# #........#.#....#
####.......8#...@w.#
...##.8.8.8.######.#
##....####### ..
####### .# # #


You could see a worm.

Vanquished Creatures
  2 ball pythons (D:1)
  An endoplasm (D:1)
  A giant cockroach (D:1)
  5 goblins (D:1)
  2 hobgoblins (D:1)
  6 bats (D:1)
  2 kobolds (D:1)
  3 rats (D:1)
22 creatures vanquished.

Notes
Turn   | Place    | Note
-------+----------+-------------------------------------------
     0 | D:1      | qw the Tengu Warper began the quest for the Orb.
     0 | D:1      | Reached XP level 1. HP: 12/12 MP: 4/4
     0 | D:1      | 0 ||| qw: Version: 0.1-a-89-g26bdef1
     0 | D:1      | 0 ||| qw: Game counter: 447
     0 | D:1      | 0 ||| qw: Always use a shield: true
     0 | D:1      | 0 ||| qw: God list: Okawaru
     0 | D:1      | 0 ||| qw: Allow faded altars: false
     0 | D:1      | 0 ||| qw: Do Orc after D:15 true
     0 | D:1      | 0 ||| qw: Do second Lair branch before Depths: true
     0 | D:1      | 0 ||| qw: Lair rune preference: random
     0 | D:1      | 0 ||| qw: Plans: Normal
     0 | D:1      | 0 ||| PLANNING D:1-11
   321 | D:1      | Reached XP level 2. HP: 15/17 MP: 6/6
   356 | D:1      | 356 ||| Stepping ~*~*~tactically~*~*~ (stealth).
   361 | D:1      | Reached skill level 3 in Axes
   921 | D:1      | Reached XP level 3. HP: 21/21 MP: 7/7
   977 | D:1      | 977 ||| UPGRADING to scarf of repulsion.
   982 | D:1      | 982 ||| READING scroll labelled UTREAR QAERGHOL.
   983 | D:1      | 983 ||| READING scroll labelled MYGESH HEYNA.
   984 | D:1      | 984 ||| DROPPING scroll of blinking.
  1081 | D:2      | Found a faded altar of an unknown god.
  1105 | D:2      | HP: 1/21 [worm (10)]
  1106 | D:2      | Slain by a worm

Levels and vault maps discovered:
D:1:      lemuel_arrival_funnel, layout_loops_ring, minmay_indecisive_spiral
D:2:      layout_basic, basic_altar, shapermc_ecumenical_altar_pompeii,
          minmay_misc_feat_tower, minmay_unequal, uniq_sigmund

Skill      XL: |  1  2 |
---------------+-------+-----
Axes           | 3 |  3.7
Fighting       | |  2.0
Throwing       | |  1.0
Armour         | |  1.1
Dodging        | |  2.1
Spellcasting   | |  2.0
Translocations | |  2.4

Action                   || total
-------------------------++-------
Melee: Hand axe          ||    33
       Kick              ||     9
       Peck              ||     2
Throw: Boomerang         ||     7
  Use: Scroll            ||     2
Armor: Leather armour    ||    10
Dodge: Dodged            ||    13

Table legend:
 A = Non-vault XP
 B = Vault XP
 C = Vault XP percentage of total XP
 D = Non-vault monster count
 E = Vault monster count
 F = Vault count percentage of total count
                 A         B        C        D         E       F
            +---------+---------+-------+---------+---------+-------
      Total |      27 |       7 |  20.6 |      18 |       4 |  18.2
            +---------+---------+-------+---------+---------+-------
        D:1 |      27 |       7 |  20.6 |      18 |       4 |  18.2
            +---------+---------+-------+---------+---------+-------
